 Dungeon Sprint DCSS version 0.14-a0-3509-g488b3d4 (webtiles) character file.

16291 BluebellGnoll the Ninja (level 11, -2/47 HPs)
             Began as a Spriggan Enchanter on Mar 26, 2014.
             Was the Champion of Vehumet.
             Engulfed by a cloud of flame (8 damage)
             ... while paralysed by an orc sorcerer
             ... in the Dungeon (Sprint II: "The Violet Keep of Menkaure").
             The game lasted 00:16:27 (1677 turns).

BluebellGnoll the Ninja (Spriggan Enchanter)        Turns: 1677, Time: 00:16:27

HP  -2/47        AC  4     Str  4      XL: 11   Next: 87%
MP  33/33        EV  4     Int 20      God: Vehumet [******]
Gold 1986        SH  0     Dex 17      Spells:  7 memorised, 11 levels left

rFire  + . .     SeeInvis +     a - +1 dagger
rCold  x . .     Clarity  .     b - +1 robe
rNeg   . . .     Conserve .     (shield restricted)
rPois  .         rCorr    .     (helmet restricted)
rElec  .         rRot     .     z - +0 cloak
SustAb . .       Spirit   .     (gloves unavailable)
rMut   .         Warding  .     (boots unavailable)
Saprov . . .     NoTele   +     (no amulet)
MR     +....                    (no ring)
                                j - cursed ring of fire

@: paralysed, flying, very quick, somewhat resistant to hostile enchantments,
uncannily stealthy
A: unfitting armour, see invisible, herbivore 3, speed 3, slow metabolism 2
a: Renounce Religion


You were in the Dungeon.
You worshipped Vehumet.
Vehumet was exalted by your worship.
You were full.

You visited 1 branch You collected 1986 gold pieces.

Inventory:

Hand weapons
 a - a +1,+1 dagger (weapon)
 v - a +2 blowgun
 x - a +0,+0 dagger of distortion
Missiles
 d - 11 darts (quivered)
 y - 9 curare-tipped needles
Armour
 b - a +1 robe (worn)
 z - a +0 cloak (worn)
Comestibles
 q - 3 bread rations
Scrolls
 k - a scroll of blinking
Jewellery
 j - a cursed ring of fire (left hand)
 r - a cursed ring of hunger
Potions
 e - a potion of might {unknown}
 f - 9 potions of curing
 h - a potion of haste
 i - 5 potions of magic
 l - 4 potions of flight
 m - a potion of brilliance {unknown}
 n - 3 potions of resistance
 o - 2 potions of restore abilities {unknown}
 t - a potion of cure mutation {unknown}
 w - 3 potions of agility {unknown}
 A - a potion of invisibility {unknown}
Books
 c - a book of Maledictions

   Spells                             Type                      Level
   *Corona                            Hexes                        1
   *Sure Blade                        Hexes/Charms                 2
   *Ensorcelled Hibernation           Hexes/Ice                    2
   *Confuse                           Hexes                        3
   *Enslavement                       Hexes                        4
   *Invisibility                      Hexes                        6


   Skills:
 - Level 13.2 Short Blades
 - Level 1.1 Throwing
 - Level 16.9 Dodging
 O Level 27 Stealth
 + Level 11.8 Spellcasting
 * Level 0.4 Conjurations
 + Level 12.7 Hexes


You had 11 spell levels left.
You knew the following spells:

 Your Spells              Type           Power        Failure   Level  Hunger
a - Corona                Hex            ######.      1%          1    None
b - Ensorcelled Hibernat  Hex/Ice        ###...       1%          2    None
c - Confuse               Hex            ######..     1%          3    None
d - Sure Blade            Hex/Chrm       #####.....   1%          2    None
e - Enslavement           Hex            ######..     1%          4    #......
f - Invisibility          Hex            ######..     6%          6    ######.
g - Iskenderun's Mystic   Conj           ##......     19%         4    #......


Dungeon Overview and Level Annotations

Branches:
Dungeon (1/1)

Altars:
Cheibriados
Dithmenos
Elyvilon
Fedhas
Kikubaaqudgha
Makhleb
Nemelex Xobeh
Okawaru
Sif Muna
Trog
Vehumet
Xom
Yredelemnul
Zin
The Shining One
Beogh
Jiyva
Lugonu


Innate Abilities, Weirdness & Mutations

You are tiny and cannot use many weapons and most armour.
You have supernaturally acute eyesight.
You are a herbivore.
You cover ground extremely quickly.
You need consume almost no food.


Message History

An orc sorcerer comes into view. It is wielding a dagger.
The orc sorcerer shouts!
Found three items.
There is an open door here. 2 orc sorcerers come into view.
You see here an ornate deck of cards.
A dire elephant comes into view.
You see here a pitted copper amulet.
You aren't carrying any items that can be evoked.
Unknown command.
You see here an ornate deck of cards.
Really fly into a travel-excluded area?
There is an open door here.
You are engulfed in roaring flames.
You resist.
* * * LOW HITPOINT WARNING * * *
The orc sorcerer casts a spell at you.
You suddenly lose the ability to move!
You are engulfed in roaring flames.
You resist.
One of your 2 scrolls of blinking catches fire!
You die...

###§§#..._._..#§§§ ▓≈#
#≈§#....⌠...#≈§§ ▓≈#
#≈≈#........#≈§ ▓▓▓▓▓▓▓▓≈#
≈≈≈≈##########≈ ≈≈≈≈≈≈≈≈≈#
####≈≈≈≈≈≈≈≈§ ▓≈≈≈≈≈≈≈≈≈#
###M########
▓▓▓▓▓▓▓▓▓≈≈≈≈#
##≈#)}$$)}#▓▓§§§§§§≈▓▓≈≈≈#
#!|[|=)#▓§§§§§§§§≈▓▓≈≈#
#!$)=!}§§@§§§§§§§§§'≈≈#
###:=$)?}##§§§§§§§§§#####
...[oo$)"###§§§≈§§§##
.Yo}[=$$$# #########
#########


You could see 2 orc sorcerers.

Vanquished Creatures
  A hellephant (D)
  A deep elf blademaster (D)
  A kraken (D)
  A draconian shifter (D)
  2 plague shamblers (D)
  A giant orange brain (D)
  2 death drakes (D)
  A harpy (D)
  An eye of devastation (D)
  2 spiny frogs (D)
  A yaktaur (D)
  3 polar bears (D)
  Sonja (D)
  2 boulder beetles (D)
  6 sharks (D)
  2 hippogriffs (D)
  Menkaure (D)
  4 necrophages (D)
  A yellow wasp (D)
  A crocodile (D)
  4 lava snakes (D)
  3 pulsating lumps (D)
  5 big fish (D)
  4 worker ants (D)
51 creatures vanquished.

Vanquished Creatures (others)
  A swamp drake (D)
1 creature vanquished.

Grand Total: 52 creatures vanquished

Notes
Turn   | Place    | Note
--------------------------------------------------------------
     0 | D        | BluebellGnoll, the Spriggan Enchanter, began the quest for the Orb.
     0 | D        | Reached XP level 1. HP: 9/9 MP: 4/4
     1 | D        | Noticed a worker ant
     1 | D        | Noticed a worker ant
     3 | D        | Noticed a worker ant
     3 | D        | Noticed a worker ant
    10 | D        | Killed a worker ant
    10 | D        | Reached skill level 9 in Stealth
    10 | D        | Reached XP level 2. HP: 13/13 MP: 7/7
    14 | D        | Killed a worker ant
    14 | D        | Reached skill level 11 in Stealth
    14 | D        | Reached XP level 3. HP: 16/16 MP: 9/9
    17 | D        | Killed a worker ant
    17 | D        | Reached skill level 12 in Stealth
    17 | D        | Reached XP level 4. HP: 12/21 MP: 12/12
    26 | D        | Learned a level 2 spell: Ensorcelled Hibernation
    30 | D        | Learned a level 3 spell: Confuse
    33 | D        | Learned a level 2 spell: Sure Blade
   193 | D        | Killed a worker ant
   199 | D        | Noticed a hippogriff
   199 | D        | Noticed a hippogriff
   202 | D        | Killed a hippogriff
   202 | D        | Reached XP level 5. HP: 24/24 MP: 12/21
   204 | D        | Killed a hippogriff
   204 | D        | Reached skill level 10 in Hexes
   204 | D        | Reached XP level 6. HP: 28/28 MP: 11/25
   210 | D        | Learned a level 4 spell: Enslavement
   282 | D        | Noticed a necrophage
   282 | D        | Noticed a necrophage
   282 | D        | Noticed a necrophage
   282 | D        | Noticed a necrophage
   289 | D        | Killed a necrophage
   296 | D        | Killed a necrophage
   296 | D        | Reached skill level 10 in Spellcasting
   296 | D        | Reached XP level 7. HP: 32/32 MP: 14/28
   298 | D        | Killed a necrophage
   301 | D        | Killed a necrophage
   309 | D        | Learned a level 6 spell: Invisibility
   482 | D        | Noticed a boulder beetle
   482 | D        | Noticed a boulder beetle
   488 | D        | Killed a boulder beetle
   488 | D        | Reached skill level 13 in Stealth
   496 | D        | Killed a boulder beetle
   496 | D        | Reached skill level 5 in Dodging
   496 | D        | Reached skill level 14 in Stealth
   496 | D        | Reached XP level 8. HP: 36/36 MP: 23/30
   532 | D        | Found a sparkling altar of Nemelex Xobeh.
   533 | D        | Found a viscous altar of Jiyva.
   533 | D        | Found a blossoming altar of Fedhas.
   534 | D        | Found a shimmering altar of Xom.
   534 | D        | Found a basalt altar of Yredelemnul.
   534 | D        | Found an ancient bone altar of Kikubaaqudgha.
   535 | D        | Found a glowing silver altar of Zin.
   536 | D        | Found a deep blue altar of Sif Muna.
   536 | D        | Found an iron altar of Okawaru.
   536 | D        | Found a radiant altar of Vehumet.
   537 | D        | Found a roughly hewn altar of Beogh.
   539 | D        | Noticed a crocodile
   541 | D        | Found a white marble altar of Elyvilon.
   541 | D        | Found a snail-covered altar of Cheibriados.
   541 | D        | Found a burning altar of Makhleb.
   542 | D        | Noticed a yaktaur
   542 | D        | Noticed a yellow wasp
   542 | D        | Noticed a polar bear
   543 | D        | Noticed a polar bear
   543 | D        | Noticed a polar bear
   544 | D        | Killed a polar bear
   544 | D        | Reached skill level 5 in Short Blades
   545 | D        | Killed a polar bear
   545 | D        | Reached skill level 15 in Stealth
   547 | D        | Killed a yellow wasp
   548 | D        | Killed a polar bear
   548 | D        | Reached skill level 16 in Stealth
   550 | D        | Killed a yaktaur
   550 | D        | Reached XP level 9. HP: 39/39 MP: 23/31
   557 | D        | Noticed a pulsating lump
   558 | D        | Noticed a pulsating lump
   558 | D        | Noticed a pulsating lump
   559 | D        | Killed a pulsating lump
   570 | D        | Killed a pulsating lump
   585 | D        | Killed a pulsating lump
   585 | D        | Reached skill level 17 in Stealth
   705 | D        | Noticed a plague shambler
   711 | D        | Noticed a death drake
   712 | D        | Noticed a death drake
   712 | D        | Noticed a swamp drake
   712 | D        | Noticed a plague shambler
   713 | D        | Killed a plague shambler
   713 | D        | Reached skill level 18 in Stealth
   722 | D        | Killed a swamp drake
   736 | D        | Killed a death drake
   736 | D        | Reached skill level 19 in Stealth
   738 | D        | Killed a death drake
   741 | D        | Killed a plague shambler
   741 | D        | Reached skill level 10 in Short Blades
   741 | D        | Reached skill level 20 in Stealth
   741 | D        | Reached XP level 10. HP: 44/44 MP: 28/32
   748 | D        | Found a corrupted altar of Lugonu.
   749 | D        | Found a glowing golden altar of the Shining One.
   749 | D        | Found a shadowy altar of Dithmenos.
   749 | D        | Found a bloodstained altar of Trog.
   756 | D        | Noticed Menkaure
   757 | D        | Became a worshipper of Vehumet
   770 | D        | Noticed a spiny frog
   771 | D        | Noticed a spiny frog
   773 | D        | Killed a spiny frog
   774 | D        | Killed a spiny frog
   774 | D        | Reached skill level 21 in Stealth
   914 | D        | Noticed a big fish
   914 | D        | Noticed a big fish
   915 | D        | Noticed a big fish
   934 | D        | Killed a crocodile
   934 | D        | Acquired Vehumet's first power
   934 | D        | Offered knowledge of Sting by Vehumet.
   936 | D        | Killed a big fish
   940 | D        | Killed a big fish
   972 | D        | Noticed a kraken
   973 | D        | Noticed a big fish
   974 | D        | Noticed a big fish
   980 | D        | Killed a big fish
   992 | D        | Killed a big fish
   995 | D        | Killed a big fish
  1008 | D        | Killed Menkaure
  1219 | D        | Killed a kraken
  1219 | D        | Offered knowledge of Throw Flame by Vehumet.
  1219 | D        | Acquired Vehumet's second power
  1219 | D        | Reached skill level 23 in Stealth
  1227 | D        | Noticed a hellephant
  1227 | D        | Noticed Sonja
  1227 | D        | Noticed a mottled draconian shifter
  1227 | D        | Noticed a giant orange brain
  1230 | D        | Killed a giant orange brain
  1233 | D        | Killed a mottled draconian shifter
  1233 | D        | Reached skill level 24 in Stealth
  1233 | D        | Reached XP level 11. HP: 22/47 MP: 23/33
  1237 | D        | Killed Sonja
  1238 | D        | Killed a hellephant
  1238 | D        | Acquired Vehumet's third power
  1238 | D        | Reached skill level 15 in Dodging
  1238 | D        | Reached skill level 25 in Stealth
  1392 | D        | Noticed a harpy
  1397 | D        | Noticed a deep elf blademaster
  1397 | D        | Noticed a shark
  1398 | D        | Noticed an eye of devastation
  1399 | D        | Noticed a shark
  1400 | D        | Killed a harpy
  1400 | D        | Offered knowledge of Dazzling Spray by Vehumet.
  1400 | D        | Reached skill level 26 in Stealth
  1401 | D        | Killed a deep elf blademaster
  1404 | D        | Killed an eye of devastation
  1404 | D        | Reached skill level 27 in Stealth
  1414 | D        | Noticed a shark
  1423 | D        | Killed a shark
  1425 | D        | Noticed a shark
  1427 | D        | Noticed a shark
  1428 | D        | Killed a shark
  1430 | D        | Noticed a shark
  1434 | D        | Killed a shark
  1438 | D        | Killed a shark
  1595 | D        | Killed a shark
  1595 | D        | Offered knowledge of Iskenderun's Mystic Blast by Vehumet.
  1602 | D        | Learned a level 4 spell: Iskenderun's Mystic Blast
  1607 | D        | Killed a shark
  1607 | D        | Offered knowledge of Airstrike by Vehumet.
  1644 | D        | Noticed a lava snake
  1644 | D        | Noticed a lava snake
  1646 | D        | Noticed a lava snake
  1648 | D        | Killed a lava snake
  1649 | D        | Noticed a lava snake
  1651 | D        | Killed a lava snake
  1654 | D        | Killed a lava snake
  1665 | D        | Killed a lava snake
  1670 | D        | Noticed an orc sorcerer
  1671 | D        | Noticed an orc sorcerer
  1671 | D        | Noticed an orc sorcerer
  1672 | D        | Noticed a dire elephant
  1676 | D        | Paralysed by an orc sorcerer for 7 turns
  1677 | D        | Engulfed by a cloud of flame

Action                   |  1- 3 |  4- 6 |  7- 9 | 10-12 || total
-------------------------+-------+-------+-------+-------++-------
Melee: Dagger            |    12 |    10 |    34 |    45 ||   101
Throw: Dart              |       |       |       |     1 ||     1
 Cast: Ensorcelled Hiber |       |     1 |     3 |    31 ||    35
       Confuse           |       |     4 |     6 |     2 ||    12
       Sure Blade        |       |     1 |     3 |     6 ||    10
       Invisibility      |       |       |     2 |     2 ||     4
  Use: Potion            |     1 |       |       |     4 ||     5
       Scroll            |       |       |       |     3 ||     3
 Stab: Sleeping          |     2 |     3 |    13 |    26 ||    44
       Confused          |       |     2 |     7 |     1 ||    10
       Invisible         |       |       |       |     2 ||     2
